[ AOE2 MATCH · #506632827 ]
UnrankedShu vs Incas
Player's team · WIN
Rival team · LOSS
[ REPLAY ANALYSIS · EXTRACTED FROM THE RECORDED GAME ]
Feudal
9:18
Castle
—
Imperial
—
| APM avg | 39.5 |
| APM peak | 72 |
| eAPM avg | 18.3 |
| Villagers / military | 48 / 29 |
Focus
⚔️ 31.6% · 🌾 68.4%
Archer ×22 · Militia ×7
Feudal
11:35
Castle
—
Imperial
—
| APM avg | 81.3 |
| APM peak | 121 |
| eAPM avg | 37.7 |
| Villagers / military | 47 / 11 |
Focus
⚔️ 17.7% · 🌾 82.3%
Unknown (2550) ×25 · Skirmisher ×11
Match map
Initial resources + every placement click. Lines = walls · curves = elevation contours. ◆ gold · ⬟ stone · ● berries · ✦ relic · ◌ wall gap
Your base· Open — unwalled flank
WryPig's base· Open — unwalled flank
Smoothed initial terrain · ◌ = detected wall gap · hover for details
Inputs per minute
— Mortis - - WryPig
Build order — Mortis
117 actions detected in the replay
| 0:00 | Queue | Villager (Male) |
| 0:01 | Queue | Villager (Male) |
| 0:01 | Queue | Villager (Male) |
| 0:02 | Build | House |
| 0:05 | Build | House |
| 0:09 | Queue | Villager (Male) |
| 1:31 | Queue | Villager (Male) |
| 2:02 | Queue | Villager (Male) |
| 2:30 | Queue | Villager (Male) |
| 2:31 | Queue | Villager (Male) |
| 3:01 | Queue | Villager (Male) |
| 3:05 | Queue | Villager (Male) |
| 3:33 | Build | Lumber Camp |
| 4:04 | Queue | Villager (Male) |
| 4:05 | Queue | Villager (Male) |
| 4:05 | Queue | Villager (Male) |
| 4:23 | Queue | Villager (Male) |
| 4:23 | Queue | Villager (Male) |
| 5:12 | Queue | Villager (Male) |
| 5:14 | Build | House |
| 5:29 | Queue | Villager (Male) |
| 5:43 | Queue | Villager (Male) |
| 6:01 | Build | Mining Camp |
| 6:11 | Research | Loom |
| 6:43 | Queue | Villager (Male) |
| 6:45 | Build | House |
| 6:47 | Build | House |
| 6:50 | Queue | Villager (Male) |
| 7:04 | Research | Feudal Age |
| 8:24 | Build | Barracks |
| 8:52 | Build | House |
| 8:54 | Build | House |
| 9:03 | Build | Palisade Wall |
| 9:08 | Queue | Villager (Male) |
| 9:18 | Age | Feudal Age |
| 9:23 | Queue | Villager (Male) |
| 9:41 | Build | Archery Range |
| 9:44 | Queue | Villager (Male) |
| 9:54 | Queue | Villager (Male) |
| 10:02 | Build | Palisade Gate |
| 10:07 | Queue | Villager (Male) |
| 10:10 | Queue | Archer |
| 10:11 | Queue | Archer |
| 10:14 | Queue | Villager (Male) |
| 10:19 | Build | House |
| 10:44 | Queue | Archer |
| 11:05 | Queue | Villager (Male) |
| 11:07 | Queue | Archer |
| 11:12 | Build | Blacksmith |
| 11:28 | Queue | Archer |
| 11:36 | Queue | Villager (Male) |
| 11:39 | Research | Fletching |
| 11:45 | Build | Mill |
| 12:03 | Queue | Archer |
| 12:14 | Queue | Villager (Male) |
| 12:57 | Queue | Archer |
| 12:58 | Queue | Archer |
| 13:02 | Queue | Villager (Male) |
| 13:12 | Build | Archery Range |
| 13:14 | Build | Palisade Wall |
| 13:16 | Queue | Villager (Male) |
| 13:20 | Queue | Archer |
| 13:31 | Build | House |
| 13:36 | Build | Farm |
| 13:47 | Queue | Villager (Male) |
| 13:49 | Build | Farm |
| 13:49 | Build | Farm |
| 13:51 | Queue | Archer |
| 13:52 | Queue | Archer |
| 13:59 | Build | Farm |
| 14:09 | Build | Farm |
| 14:12 | Build | Farm |
| 14:13 | Queue | Villager (Male) |
| 14:16 | Queue | Archer |
| 14:26 | Queue | Villager (Male) |
| 14:28 | Queue | Archer |
| 14:29 | Queue | Archer |
| 14:50 | Research | Padded Archer Armor |
| 14:53 | Build | Farm |
| 14:55 | Build | Farm |
| 15:00 | Queue | Archer |
| 15:35 | Queue | Archer |
| 15:36 | Queue | Archer |
| 16:02 | Queue | Archer |
| 16:02 | Queue | Archer |
| 16:03 | Queue | Archer |
| 16:13 | Queue | Villager (Male) |
| 16:15 | Queue | Archer |
| 16:17 | Build | Farm |
| 16:19 | Queue | Villager (Male) |
| 16:28 | Queue | Villager (Male) |
| 16:28 | Queue | Villager (Male) |
| 16:30 | Queue | Militia |
| 16:30 | Queue | Militia |
| 16:35 | Queue | Villager (Male) |
| 16:49 | Queue | Villager (Male) |
| 16:54 | Build | Barracks |
| 16:59 | Queue | Villager (Male) |
| 17:02 | Build | Farm |
| 17:18 | Research | Man-at-Arms (upgrade) |
| 17:20 | Queue | Villager (Male) |
| 17:38 | Queue | Archer |
| 17:57 | Queue | Villager (Male) |
| 18:00 | Build | House |
| 18:01 | Build | House |
| 18:03 | Build | House |
| 18:04 | Build | House |
| 18:06 | Queue | Villager (Male) |
| 18:10 | Queue | Militia |
| 18:10 | Queue | Militia |
| 18:11 | Queue | Militia |
| 18:26 | Queue | Militia |
| 18:27 | Queue | Militia |
| 18:46 | Queue | Villager (Male) |
| 18:47 | Queue | Villager (Male) |
| 19:21 | Queue | Villager (Male) |
| 19:22 | Queue | Villager (Male) |
Build order — WryPig
132 actions detected in the replay
| 0:00 | Queue | Villager (Male) |
| 0:00 | Queue | Villager (Male) |
| 0:01 | Queue | Villager (Male) |
| 0:02 | Build | House |
| 0:07 | Queue | Villager (Male) |
| 0:07 | Queue | Villager (Male) |
| 1:11 | Queue | Villager (Male) |
| 1:12 | Queue | Villager (Male) |
| 1:12 | Queue | Villager (Male) |
| 1:42 | Queue | Villager (Male) |
| 1:48 | Build | Settlement |
| 2:06 | Queue | Villager (Male) |
| 2:06 | Queue | Villager (Male) |
| 2:34 | Queue | Villager (Male) |
| 2:35 | Queue | Villager (Male) |
| 3:03 | Queue | Villager (Male) |
| 3:03 | Queue | Villager (Male) |
| 3:39 | Queue | Villager (Male) |
| 3:47 | Queue | Villager (Male) |
| 4:24 | Queue | Villager (Male) |
| 4:25 | Queue | Villager (Male) |
| 4:25 | Queue | Villager (Male) |
| 4:50 | Build | Barracks |
| 4:53 | Queue | Villager (Male) |
| 5:00 | Queue | Villager (Male) |
| 5:00 | Queue | Villager (Male) |
| 5:34 | Queue | Villager (Male) |
| 5:42 | Queue | Villager (Male) |
| 5:44 | Queue | Villager (Male) |
| 5:44 | Queue | Villager (Male) |
| 5:47 | Build | House |
| 5:48 | Queue | Unit 2550 |
| 5:48 | Queue | Unit 2550 |
| 5:49 | Queue | Unit 2550 |
| 6:07 | Queue | Villager (Male) |
| 6:23 | Build | Palisade Gate |
| 6:50 | Build | Settlement |
| 6:57 | Queue | Unit 2550 |
| 6:57 | Queue | Unit 2550 |
| 7:55 | Queue | Villager (Male) |
| 8:13 | Research | Loom |
| 8:16 | Build | Settlement |
| 8:44 | Queue | Villager (Male) |
| 9:25 | Research | Feudal Age |
| 9:26 | Research | Feudal Age |
| 9:26 | Research | Feudal Age |
| 9:54 | Build | Barracks |
| 10:10 | Queue | Unit 2550 |
| 10:10 | Queue | Unit 2550 |
| 10:22 | Queue | Villager (Male) |
| 10:25 | Build | House |
| 10:51 | Build | Palisade Wall |
| 11:08 | Build | House |
| 11:12 | Queue | Unit 2550 |
| 11:12 | Queue | Unit 2550 |
| 11:35 | Age | Feudal Age |
| 11:38 | Research | Tech 1402 |
| 11:38 | Research | Tech 1402 |
| 11:38 | Research | Tech 1402 |
| 11:52 | Queue | Unit 2550 |
| 11:52 | Queue | Unit 2550 |
| 12:00 | Build | Market |
| 12:07 | Queue | Villager (Male) |
| 12:07 | Queue | Villager (Male) |
| 12:47 | Queue | Unit 2550 |
| 12:48 | Queue | Unit 2550 |
| 12:48 | Queue | Unit 2550 |
| 13:08 | Queue | Unit 2550 |
| 13:08 | Queue | Unit 2550 |
| 13:20 | Build | Palisade Wall |
| 13:21 | Build | Palisade Wall |
| 13:24 | Build | House |
| 13:28 | Build | Palisade Wall |
| 13:30 | Build | Palisade Wall |
| 13:50 | Build | Blacksmith |
| 13:54 | Queue | Unit 2550 |
| 13:54 | Queue | Unit 2550 |
| 14:09 | Queue | Villager (Male) |
| 14:09 | Queue | Villager (Male) |
| 14:09 | Queue | Villager (Male) |
| 14:11 | Build | Farm |
| 14:15 | Build | Farm |
| 14:17 | Build | Farm |
| 14:24 | Research | Scale Mail Armor |
| 14:25 | Research | Scale Mail Armor |
| 14:47 | Queue | Villager (Male) |
| 15:14 | Queue | Villager (Male) |
| 15:19 | Build | Archery Range |
| 15:21 | Queue | Unit 2550 |
| 15:21 | Queue | Unit 2550 |
| 15:21 | Queue | Unit 2550 |
| 15:31 | Queue | Villager (Male) |
| 15:34 | Build | Farm |
| 15:34 | Build | Farm |
| 15:34 | Build | Farm |
| 15:35 | Build | Farm |
| 15:35 | Build | Farm |
| 16:04 | Build | Farm |
| 16:06 | Queue | Villager (Male) |
| 16:07 | Queue | Villager (Male) |
| 16:15 | Build | Farm |
| 16:30 | Queue | Unit 2550 |
| 16:31 | Queue | Villager (Male) |
| 16:39 | Queue | Unit 2550 |
| 16:52 | Build | House |
| 16:53 | Queue | Skirmisher |
| 16:53 | Queue | Skirmisher |
| 16:53 | Queue | Skirmisher |
| 17:02 | Build | Palisade Gate |
| 17:09 | Build | House |
| 17:12 | Queue | Skirmisher |
| 17:18 | Queue | Unit 2550 |
| 17:18 | Queue | Unit 2550 |
| 17:22 | Build | Farm |
| 17:24 | Build | Farm |
| 17:34 | Queue | Skirmisher |
| 17:44 | Build | Watch Tower |
| 17:54 | Queue | Skirmisher |
| 17:54 | Queue | Villager (Male) |
| 18:01 | Build | Farm |
| 18:13 | Queue | Skirmisher |
| 18:15 | Queue | Villager (Male) |
| 18:15 | Queue | Villager (Male) |
| 18:39 | Research | Fletching |
| 18:39 | Research | Fletching |
| 18:39 | Research | Fletching |
| 18:43 | Queue | Skirmisher |
| 18:43 | Queue | Skirmisher |
| 19:00 | Queue | Villager (Male) |
| 19:00 | Queue | Villager (Male) |
| 19:17 | Queue | Skirmisher |
| 19:17 | Queue | Skirmisher |
Match timeline
| 4:50 | WryPig · first_building Barracks |
| 8:24 | Mortis · first_building Barracks |
| 9:03 | Mortis · wall_segment Palisade Wall x4 |
| 9:18 | Mortis · age_up feudal |
| 9:41 | Mortis · first_building Archery Range |
| 10:51 | WryPig · wall_segment Palisade Wall x12 |
| 11:35 | WryPig · age_up feudal |
| 13:14 | Mortis · wall_segment Palisade Wall x1 |
| 13:20 | WryPig · wall_segment Palisade Wall x1 |
| 13:21 | WryPig · wall_segment Palisade Wall x1 |
| 13:28 | WryPig · wall_segment Palisade Wall x1 |
| 13:30 | WryPig · wall_segment Palisade Wall x1 |
| 14:23 | WryPig · first_market_buy 100 food |
| 15:19 | WryPig · first_building Archery Range |
| 19:33 | WryPig · resign |
[ AI ANALYSIS · 1 CREDIT ]
What really happened in this match?
Wolo.gg analyzes every decision: build order, eco, micro, common mistakes by bracket. Personalized analysis on WhatsApp or Discord in 30 seconds.
Civ guide
Shu
Perfil
Jugador #39425